 Dungeon Crawl Stone Soup version 0.31-a0-627-gd65175cf8b (webtiles) character file.

Game seed: 962998247933708552

422 CrazyBamboolord the Changeling (level 6, 0/46 HPs)
             Began as a Merfolk Shapeshifter on Aug 25, 2023.
             Slain by a mummy (8 damage)
             ... in an ossuary.
             The game lasted 00:05:18 (2283 turns).

CrazyBamboolord the Changeling (MfSh)               Turns: 2283, Time: 00:05:20

Health: 0/46       AC:  7    Str: 17    XL:     6   Next: 95%
Magic:  6/6        EV: 11    Int:  7    God:
Gold:   183        SH:  0    Dex: 15    Spells: 5/5 levels left

rFire   . .          .
                       - Unarmed
rCold   . . .        (shield currently unavailable)
rNeg    . . .        o - +1 scale mail
rPois   +            (helmet restricted)
rElec   .            (no cloak)
rCorr   .            (no gloves)
SInv    .            (no boots)
Will    +....        k - amulet of regeneration Stlth
                     g - ring of poison resistance
HPRegen 1.07/turn    (no ring)
MPRegen 0.10/turn

%: no passive effects
@: flux-form, enlightened, flying, glowing, invisible (but backlit and visible)
A: glow, contaminating, (nimble swimmer 2), mertail, antennae 1, mutation
resistance 1
a: Begin Untransformation


You were in an ossuary.
You were something dangerously unstable.
You visited 1 branch of the dungeon, and saw 4 of its levels.
You also visited: Ossuary.

You collected 183 gold pieces.

Inventory:

Armour
 o - a +1 scale mail (worn)
Jewellery
 g - a ring of poison resistance (left hand)
 k - an amulet of regeneration (around neck)
 q - a ring of fire
Talismans
 c - a beast talisman
 d - a flux talisman (active)
 m - a maw talisman
Wands
 a - a wand of flame (17)
Scrolls
 l - 3 scrolls of teleportation
Potions
 f - a potion of might
 p - a potion of degeneration {unknown}
 s - a potion of haste {unknown}
 t - a potion of berserk rage {unknown}


   Skills:
 + Level 2.8 Fighting
 + Level 1.5 Armour
 + Level 4.1 Dodging
 + Level 4.2 Unarmed Combat
 - Level 7.0 Shapeshifting


You had 5 spell levels left.
You didn't know any spells.
Your spell library contained the following spells:

 Spells                   Type           Power      Damage    Failure   Level
 Sandblast                Erth           0%         2d4       85%         1
 Ensorcelled Hibernation  Hex/Ice        0%         N/A       94%         2
 Passwall                 Tmut/Erth      0%         N/A       94%         2
 Stone Arrow              Conj/Erth      0%         3d7       99%         3
 Swiftness                Air            0%         N/A       99%         3


Dungeon Overview and Level Annotations

Branches:
Dungeon (4/15)            Ossuary (1/1)
 Temple: D:4-7

Altars:


Innate Abilities, Weirdness & Mutations

You are something dangerously unstable.
You glow with magical radiation, making you easy to see and hit.
Foes you strike become dangerously contaminated with magical radiation.
You are incapable of wielding weapons or throwing items.
((You are very nimble when in or above water. (Stealth+, EV+, Speed+++)))
Your lower body shifts to a powerful aquatic tail in water.
You have a pair of small antennae on your head.
You are somewhat resistant to further mutation.


Message History

The centaur zombie kicks you. The centaur zombie hits you.
The centaur zombie kicks you but does no damage.
The mummy hits you.
The centaur zombie attacks as it pursues you!
The centaur zombie barely misses you. x2
You become transparent, but the glow from your form prevents you from becoming completely invisible.
The centaur zombie barely misses you.
The centaur zombie kicks you but does no damage.
The centaur zombie hits you.
The centaur zombie kicks you but does no damage.
The centaur zombie hits you. The centaur zombie kicks you.
The mummy barely misses you.
The centaur zombie hits you but does no damage.
The centaur zombie kicks you.
Unknown command.
Attack: -) Nothing wielded
Press: ? - help, Dir - move target, f - centaur zombie
Aim: a centaur zombie (about 9% to evade your hands)
Okay, then.
The centaur zombie barely misses you.
The centaur zombie kicks you but does no damage.
Unknown command.
You hit the centaur zombie.
The centaur zombie begins to glow.
The centaur zombie is lightly damaged.
The centaur zombie hits you. The centaur zombie misses you. The mummy hits you!
* * * LOW HITPOINT WARNING * * *
Unknown command.
It was a potion of mutation.
You feel extremely strange. A pair of antennae grows on your head!
You feel genetically stable.
The centaur zombie hits you but does no damage.
The centaur zombie barely misses you.
The centaur zombie hits you but does no damage.
The centaur zombie kicks you but does no damage.
It was a potion of enlightenment.
You feel very buoyant.
You fly up into the air.
The mummy barely misses you.
The centaur zombie completely misses you.
The centaur zombie kicks you but does no damage.
The mummy hits you!
You die...

#.....#
#..∩..#
#.....#
#..∩..#
#.....#
#.....#
#.Z...#
#ZMM..#
##B..##
#####


You could see 2 mummies and 2 centaur zombies.

Vanquished Creatures
  Grinder (D:4)
  A scorpion (D:4)
  2 jellies (D:2)
  A mummy (Ossuary)
  An adder (D:3)
  2 dart slugs
  4 ball pythons
  6 bats
  14 endoplasms
  3 giant cockroaches
  3 goblins
  3 hobgoblins
  5 jackals
  22 kobolds
  A quokka (D:3)
  2 frilled lizards (D:1)
  7 rats
78 creatures vanquished.

Notes
Turn   | Place    | Note
-------+----------+-------------------------------------------
     0 | D:1      | CrazyBamboolord the Merfolk Shapeshifter began the quest
                  | for the Orb.
     0 | D:1      | Reached XP level 1. HP: 15/15 MP: 1/1
   216 | D:1      | Reached XP level 2. HP: 16/21 MP: 2/2
   592 | D:1      | Reached skill level 5 in Shapeshifting
   690 | D:1      | Reached XP level 3. HP: 26/26 MP: 3/3
   730 | D:1      | Found a faded altar of an unknown god.
  1197 | D:2      | Reached skill level 6 in Shapeshifting
  1197 | D:2      | Reached XP level 4. HP: 30/32 MP: 4/4
  1220 | D:2      | Reached XP level 5. HP: 29/37 MP: 5/5
  1389 | D:3      | Reached skill level 7 in Shapeshifting
  1496 | D:3      | Identified the +1 short sword of Debt {drain, Str+3 Int-4
                  | SInv}
  2173 | D:4      | Reached XP level 6. HP: 44/44 MP: 6/6
  2180 | D:4      | Noticed Grinder
  2190 | D:4      | Paralysed by Grinder for 5 turns
  2197 | D:4      | Killed Grinder
  2198 | D:4      | Reached skill level 1 in Armour
  2261 | D:4      | Found a sand-covered staircase.
  2269 | Ossuary  | Entered an ossuary
  2282 | Ossuary  | Gained mutation: You have a pair of small antennae on your
                  | head. [potion of mutation]
  2282 | Ossuary  | Gained mutation: You are somewhat resistant to further
                  | mutation. [potion of mutation]
  2283 | Ossuary  | Slain by a mummy

Illustrated notes

Levels and vault maps discovered:
D:1:      dpeg_arrival_rooms_c, layout_basic, basic_ecumenical_altar
D:2:      cheibrodos_fertilizer, layout_rooms
D:3:      cheibrodos_helix_gallery, layout_basic,
          nicolae_concentric_dashed_squares_wild
D:4:      layout_loops_corners, nicolae_tso_carved_into_rock,
          nicolae_ossuary_entry_plus, kennysheep_generic_room_4, uniq_grinder
Ossuary:  ossuary_the_hunt_dpeg

Skill      XL: |  1  2  3  4  5  6 |
---------------+-------------------+-----
Shapeshifting  | 5 6 7 |  7.0
Fighting       | 2 |  2.8
Dodging        | 3 4 |  4.1
Armour         | 1 |  1.5
Unarmed Combat | 4 |  4.2

Action                     |  1- 3 |  4- 6 || total
---------------------------+-------+-------++-------
  Melee: Unarmed           |    76 |   110 ||   186
         Punch             |       |     1 ||     1
    Use: Potion            |     1 |     3 ||     4
         Scroll            |     3 |     5 ||     8
   Stab: Sleeping          |     5 |       ||     5
 Armour: Skin              |    10 |       ||    10
         Animal skin       |    10 |       ||    10
         Scale mail        |     2 |    54 ||    56
  Dodge: Dodged            |    46 |    77 ||   123
   Form: Flux              |       |     1 ||     1

Table legend: (Time is in decaauts)
 A = Elapsed time spent in this place.
 B = Non-inter-level travel time spent in this place.
 C = Inter-level travel time spent in this place.
 D = Time resting spent in this place.
 E = Time spent auto-exploring this place.
 F = Levels seen in this place.
 G = Mean time per level.
                   A        B        C        D        E       F      G
               +--------+--------+--------+--------+--------+-----+--------+
         Total |   2269 |   2134 |    135 |     57 |   1509 |   5 |  453.8 |
       Dungeon |   2255 |   2120 |    135 |     57 |   1509 |   4 |  563.8 |
       Ossuary |     13 |     13 |      0 |      0 |      0 |   1 |   13.0 |
               +--------+--------+--------+--------+--------+-----+--------+

Top non-repeatable levels by time:
     D:1: 842 daAuts
     D:3: 654 daAuts
     D:2: 590 daAuts
     D:4: 168 daAuts
 Ossuary: 13 daAuts
